AoeStats
← TKBXPT2214

Highland

505091354Analyzed
4v4 RM · 26d ago on Sep 7, 2026· 31m 19s· 8 players
Game mode
Random Map
Map size
Large (8 player)
Population
200
Speed
Normal
Resources
Standard
Victory
Conquest
Starting age
Dark Age
Ending age
Imperial Age
RankedLock teamsTeams togetherTeam positionsShared explorationLock speedFull tech treeHidden civsTurbo modeCheats
Victory
Defeat
🇩🇪 Britons · Germany
1161
+14
🇩🇪 Tatars · Germany
1154
+14
🇩🇪 Khmer · Germany
1144
+14
🇦🇷 Franks · Argentina
1043
+19
🇫🇷 Huns · France
1130
-16
🇺🇸 Khmer · United States
1109
-15
🇨🇳 Hindustanis · China
1101
-15
🇨🇦 Mongols · Canada
1099
-15
1. d4
7:23 Loom
10:42 Feudal Age
15:55 Castle Age
14:35 Double-Bit Axe
15:30 Horse Collar
21:43 Heavy Plow
21:56 Bow Saw
25:08 Wheelbarrow
26:07 Hand Cart
30:23 Fletching
30:40 Scale Barding Armor
30:45 Forging
30:55 Husbandry
31:05 Bloodlines
KEVINWEN
10:19 Feudal Age
16:04 Castle Age
14:45 Double-Bit Axe
14:57 Stone Mining
15:20 Horse Collar
19:05 Wheelbarrow
18:44 Bow Saw
20:57 Heavy Plow
20:46 Loom
24:49 Gold Mining
29:10 Imperial Age
27:34 Hand Cart
28:59 Grand Trunk Road
29:30 Scale Barding Armor
29:36 Forging
30:19 Husbandry
30:29 Bloodlines
29:41 Heavy Camel Rider
30:44 Conscription
31:38 Chemistry
31:53 Two-Man Saw
31:33 Chain Barding Armor
marineEdgeLord
2:48 Loom
4:25 Loom
9:02 Feudal Age
11:52 Horse Collar
14:29 Man-at-Arms
21:17 Wheelbarrow
23:34 Castle Age
23:23 Double-Bit Axe
24:09 Fletching
24:54 Medium Warships
25:34 Bow Saw
27:34 Wheelbarrow
28:02 Heavy Plow
IronDuck
10:43 Feudal Age
12:29 Loom
16:35 Castle Age
14:28 Double-Bit Axe
15:52 Horse Collar
16:57 Town Watch
17:48 Wheelbarrow
24:32 Bow Saw
26:20 Heavy Plow
28:25 Hand Cart
28:08 Gold Mining
32:19 Imperial Age
30:30 Gold Shaft Mining
Est.in1974
10:16 Feudal Age
11:03 Loom
11:33 Double-Bit Axe
12:58 Horse Collar
14:10 Wheelbarrow
14:17 Fletching
14:27 Padded Archer Armor
21:48 Castle Age
22:05 Crossbowman
22:42 Bodkin Arrow
23:03 Leather Archer Armor
26:20 Town Watch
29:38 Ballistics
DschingisKahl
9:19 Loom
11:46 Feudal Age
19:03 Castle Age
27:15 Double-Bit Axe
27:13 Horse Collar
28:12 Wheelbarrow
29:10 Fletching
29:21 Padded Archer Armor
30:07 Bodkin Arrow
32:03 Leather Archer Armor
Tormentor
9:18 Loom
12:06 Feudal Age
15:45 Castle Age
14:45 Double-Bit Axe
15:11 Horse Collar
18:17 Wheelbarrow
17:29 Town Watch
20:37 Bow Saw
24:00 Husbandry
24:24 Bloodlines
25:08 Forging
27:24 Heavy Plow
27:41 Hand Cart
27:30 Stone Mining
29:06 Iron Casting
29:15 Gold Mining
30:01 Stone Shaft Mining
29:36 Scale Barding Armor
30:20 Fletching
31:25 Gold Shaft Mining
TKBXPT2214
3:42 Loom
11:53 Feudal Age
13:25 Wheelbarrow
19:17 Castle Age
17:08 Double-Bit Axe
18:46 Gold Mining
20:46 Hand Cart
21:23 Bow Saw
21:56 Demolition Ship
24:07 Husbandry
24:58 Scale Barding Armor
28:04 Gold Shaft Mining
28:14 Chain Barding Armor
28:05 Forging
29:35 Stone Mining
Connection lost

Rejoining the realm…

Still unreachable

The connection could not be restored.

Session expired

The server has moved on; the page needs a fresh start.